 Dungeon Crawl Stone Soup version 0.26-a0-966-gd078a86f14 (webtiles) character file.

Game seed: 10137813915046282175

151741 KristoblXynda the Spry (level 17, -2/91 HPs)
             Began as a Spriggan Berserker on Dec 3, 2020.
             Was the Champion of Trog.
             Killed from afar by a nagaraja (34 damage)
             ... with a lance of force
             ... on level 4 of the Snake Pit.
             The game lasted 01:15:58 (38375 turns).

KristoblXynda the Spry (Spriggan Berserker)        Turns: 38375, Time: 01:15:59

Health: -2/91      AC:  7    Str: 17    XL:     17   Next: 1%
Magic:  27/27      EV: 36    Int: 12    God:    Trog [******]
Gold:   1694       SH: 15    Dex: 21    Spells: 16/16 levels left

rFire    + . .     SeeInvis +   O - +7 quick blade (vorpal)
rCold    + + .     Faith    .   H - +1 buckler "Qyacy" {rElec Str+3 Dex+2}
rNeg     . . .     Spirit   .   M - +0 troll leather armour
rPois    +         Reflect  +   k - +1 hat of Follow the Leader {*Contam rElec rC+ Slay+5}
rElec    +         Harm     .   t - +0 cloak of Midwinter {+Inv rPois MP+9}
rCorr    .         Rampage  .   (gloves unavailable)
MR       +++..                  (boots unavailable)
Stlth    +++++++...             c - amulet of reflection
HPRegen  0.65/turn              L - ring of Temptation {+Blink rElec Str-2 SInv Stlth+}
MPRegen  0.20/turn              G - ring "Exuxiren" {rPois rF+ rC+ MR+ Str+3}

@: very quick
A: very small, unfitting armour, see invisible, speed 3
a: Berserk, Trog's Hand, Brothers in Arms, Renounce Religion, Evoke Blink, Evoke
Invisibility


You were on level 4 of the Snake Pit.
You worshipped Trog.
Trog was exalted by your worship.
You visited 6 branches of the dungeon, and saw 29 of its levels.

You collected 2703 gold pieces.
You spent 1009 gold pieces at shops.

Inventory:

Hand Weapons
 o - a +9 antimagic quick blade
 B - the +5 dagger "Giantslayer" {vorpal, rC+ Int+2}
   (You found it on level 8 of the Dungeon)

   It inflicts extra damage upon your enemies.
   It affects your intelligence (+2).
   It protects you from cold.
 O - a +7 vorpal quick blade (weapon)
Armour
 k - the +1 hat of Follow the Leader (worn) {*Contam rElec rC+ Slay+5}
   (You acquired it on level 1 of the Snake Pit)

   It affects your accuracy and damage with ranged weapons and melee attacks
   (+5).
   It protects you from cold.
   It insulates you from electricity.
   It causes magical contamination when unequipped.
 t - the +0 cloak of Midwinter (worn) {+Inv rPois MP+9}
   (You found it on level 11 of the Dungeon)

   It protects you from poison.
   It affects your magic capacity (+9).
   It lets you turn invisible.
 H - the +1 buckler "Qyacy" (worn) {rElec Str+3 Dex+2}
   (You bought it in a shop on level 9 of the Dungeon)

   It affects your strength (+3).
   It affects your dexterity (+2).
   It insulates you from electricity.
 M - a +0 troll leather armour (worn)
Jewellery
 c - an amulet of reflection (around neck)
 G - the ring "Exuxiren" (right hand) {rPois rF+ rC+ MR+ Str+3}
   (You found it on level 11 of the Dungeon)

   [ring of protection from cold]

   It affects your strength (+3).
   It protects you from fire.
   It protects you from cold.
   It protects you from poison.
   It affects your resistance to hostile enchantments.
 L - the ring of Temptation (left hand) {+Blink rElec Str-2 SInv Stlth+}
   (You found it on level 13 of the Dungeon)

   [ring of stealth]

   It affects your strength (-2).
   It insulates you from electricity.
   It lets you see invisible.
   It lets you blink.
   It makes you more stealthy.
Wands
 g - a wand of digging (2)
 l - a wand of iceblast (20)
 p - a wand of paralysis (10)
 P - a wand of disintegration (14)
Scrolls
 a - 2 scrolls of silence
 d - 4 scrolls of immolation
 h - 21 scrolls of teleportation
 i - a scroll of blinking
 n - 15 scrolls of remove curse
 q - 3 scrolls of magic mapping
 r - 6 scrolls of fog
 u - 3 scrolls of fear
 y - 4 scrolls of identify
 C - a scroll of holy word
 N - a scroll of summoning
Potions
 e - 4 potions of might
 f - 3 potions of curing
 j - 3 potions of cancellation
 m - 5 potions of haste
 s - 3 potions of ambrosia
 v - a potion of lignification
 w - 4 potions of mutation
 x - 3 potions of flight
 z - 8 potions of heal wounds
 A - 6 potions of resistance
 E - 2 potions of invisibility
 F - 3 potions of berserk rage
 J - 3 potions of brilliance
Miscellaneous
 b - a phial of floods
 I - a condenser vane
 K - a tin of tremorstones (2/2)


   Skills:
 + Level 11.4 Fighting
 - Level 13.7 Short Blades
 + Level 8.2 Armour
 + Level 20.2 Dodging
 - Level 15.4 Stealth
 - Level 7.0 Shields
 + Level 14.7 Evocations


You had 16 spell levels left.
You didn't know any spells.
Your spell library contained the following spells:

 Spells                   Type           Power        Failure   Level
 Beastly Appendage        Tmut           #.....       36%         1
 Freeze                   Ice            #...         36%         1
 Magic Dart               Conj           #...         36%         1
 Sandblast                Erth           #.....       36%         1
 Sting                    Tmut/Pois      #...         36%         1
 Blink                    Tloc           N/A          52%         2
 Call Imp                 Summ           #.......     52%         2
 Passwall                 Tmut/Erth      #.......     52%         2
 Poisonous Vapours        Pois/Air       #.....       52%         2
 Slow                     Hex            #.......     52%         2
 Wereblood                Tmut           #.......     52%         2
 Confusing Touch          Hex            #.......     75%         3
 Conjure Flame            Conj/Fire      #.......     75%         3
 Frozen Ramparts          Ice            #.....       75%         3
 Gell's Gravitas          Tloc           #.........   75%         3
 Ignite Poison            Fire/Tmut/Pois #.......     75%         3
 Mephitic Cloud           Conj/Pois/Air  #.......     75%         3
 Ozocubu's Armour         Ice            #.......     75%         3
 Portal Projectile        Hex/Tloc       #.....       75%         3
 Spider Form              Tmut/Pois      #.........   75%         3
 Stone Arrow              Conj/Erth      #.....       75%         3
 Fulminant Prism          Conj/Hex       #.........   98%         4
 Hailstorm                Conj/Ice       #.......     98%         4
 Ice Form                 Ice/Tmut       #.......     98%         4
 Iskenderun's Mystic Bla  Conj/Tloc      #.......     98%         4
 Leda's Liquefaction      Hex/Erth       #.........   98%         4
 Olgreb's Toxic Radiance  Pois           #.......     98%         4
 Petrify                  Tmut/Erth      #.......     98%         4
 Summon Ice Beast         Ice/Summ       #.......     98%         4
 Blade Hands              Tmut           #.........   100%        5
 Iskenderun's Battlesphe  Conj           #.......     100%        5
 Lee's Rapid Deconstruct  Erth           #.........   100%        5
 Metabolic Englaciation   Hex/Ice        #.........   100%        5
 Summon Forest            Summ/Tloc      #.........   100%        5
 Yara's Violent Unravell  Hex/Tmut       #.........   100%        5
 Iron Shot                Conj/Erth      #.........   100%        6
 Dragon Form              Tmut           #.........   100%        7
 Disjunction              Tloc           #.........   100%        8


Dungeon Overview and Level Annotations

Branches:
Dungeon (15/15)            Temple (1/1) D:4            Lair (6/6) D:8
  Swamp (0/4) Lair:3        Snake (4/4) Lair:3        Slime (0/5) Lair:6
    Orc (2/2) D:9             Elf (0/3) Orc:2        Vaults (0/5) D:13
 Depths (1/5) D:15

Altars:
Ashenzari
Cheibriados
Dithmenos
Elyvilon
Fedhas
Gozag
Hepliaklqana
Kikubaaqudgha
Makhleb
Nemelex Xobeh
Okawaru
Qazlal
Ru
Sif Muna
Trog
Uskayaw
Vehumet
Wu Jian
Xom
Yredelemnul
Zin
The Shining One
Beogh

Shops:
D:9 [(   D:13 }   Orc:2 [=(=   Snake:2 [:

Portals:
Ziggurat: Depths:1


Innate Abilities, Weirdness & Mutations

You are very small and have problems with some larger weapons.
You are too small for most types of armour.
You have supernaturally acute eyesight. (SInv)
You cover ground extremely quickly.


Message History

The nagaraja is almost dead.
You barely miss the nagaraja.
The nagaraja is almost dead.
You closely miss the nagaraja.
The nagaraja is almost dead.
The nagaraja points at you and mumbles some strange words.
The lance of force misses you.
You hit the nagaraja.
The nagaraja is almost dead.
You hit the nagaraja but do no damage.
The nagaraja is almost dead.
The nagaraja hits you with a +3 flail of protection!
The nagaraja completely misses you.
You closely miss the nagaraja.
The nagaraja is almost dead.
You closely miss the nagaraja.
The nagaraja is almost dead.
The nagaraja gestures at you while chanting.
The lance of force hits you!!
You die...

#......# #..)...# ##.N).##
#.N..# #N...# ### ###### #
##.### #.###....##. .
######.N## #.##..##.....
#<......N#####.##.........#
#.......NN@.......#########
#........##.............†..
#................######....
#."...............###...#..
#........†#####............
#........## #......######
#........# ########
#........... ############


You could see 2 naga warriors and 2 nagarajas.

Vanquished Creatures
  A lich (Depths:1)
  Kirke (D:13)
  Aizul (Snake:4)
  A stone giant (Orc:2)
  Nessos (Orc:2)
  An ettin (D:13)
  2 fire dragons
  The ghost of fasse2k the Grappler, a journeyman TrFi of Gozag (D:11)
  A yaktaur captain (D:15)
  A vault guard (D:13)
  5 centaur warriors
  17 hydras
  A boulder beetle (D:14)
  10 anacondas
  4 naga warriors
  4 two-headed ogres
  4 death yaks
  6 naga sharpshooters
  A tengu warrior (D:13)
  7 shock serpents
  3 orc high priests (Orc:2)
  Sonja (Lair:4)
  9 slime creatures
  2 skeletal warriors
  3 unseen horrors
  A sixfirhy (D:9)
  2 naga ritualists
  4 bog bodies (Lair:3)
  A phantasmal warrior (D:11)
  A lindwurm (Lair:6)
  A harpy (shapeshifter) (D:13)
  7 orc knights
  8 mana vipers
  5 orc sorcerers
  A deep elf mage (D:13)
  17 ugly things
  6 cyclopes
  4 oklob plants (Lair:5)
  A wolf spider (D:13)
  12 elephants
  3 salamanders (Snake:3)
  5 manticores
  A salamander (shapeshifter) (D:13)
  4 centaur zombies
  4 guardian serpents
  23 black mambas
  A torpor snail (Lair:6)
  5 naga magi
  9 cane toads
  3 gargoyles
  2 molten gargoyles (Lair:6)
  A rime drake (Lair:5)
  A yaktaur (D:15)
  18 komodo dragons
  A redback zombie (D:14)
  2 kobold demonologists (D:13)
  A freezing wraith (D:13)
  A merfolk (D:12)
  2 polar bears (Lair:6)
  8 trolls
  A raiju (shapeshifter) (D:13)
  14 blink frogs
  A centaur simulacrum (D:14)
  3 shadows
  4 wraiths
  75 yaks
  A vampire (D:13)
  7 wyverns
  2 hogs (D:13)
  8 basilisks
  A fire bat (shapeshifter) (D:15)
  3 steam dragons
  A warg (Orc:1)
  2 acid dragons (D:13)
  4 hell hounds (Lair:6)
  27 nagas
  2 soldier ants
  25 water moccasins
  4 black bears
  4 sky beasts
  23 orc warriors
  3 eyes of draining
  7 ice beasts
  A hornet zombie (D:7)
  4 phantoms
  10 ogres
  4 centaurs
  3 necrophages
  25 wolves
  11 bullfrogs
  A big kobold (D:9)
  2 wyvern zombies
  A gnoll sergeant (D:11)
  2 wyvern skeletons
  A water moccasin zombie (D:6)
  A water moccasin skeleton (D:4)
  8 killer bees
  5 scorpions
  24 wights
  8 electric eels
  A howler monkey (D:12)
  2 lava snakes (Lair:6)
  A quasit (D:11)
  An iron imp (D:7)
  3 jellies
  27 orc wizards
  5 centaur skeletons
  15 orc priests
  A bullfrog skeleton (D:4)
  8 hounds
  Jessica (D:2)
  Ijyb (D:5)
  6 iguanas
  6 worker ants
  7 hell rats (Lair:5)
  A howler monkey zombie (D:7)
  10 adders
  7 gnolls
  3 shadow imps
  3 white imps
  3 ufetubi
  2 oozes
  An adder zombie (D:8)
  2 worms
  4 leopard geckos
  83 orcs
  9 giant cockroaches
  4 goblins
  11 hobgoblins
  6 jackals
  12 kobolds
  6 quokkas
  A ball python (D:2)
  6 bats
  2 frilled lizards
  A leopard gecko skeleton (D:6)
  2 quokka skeletons
  A quokka zombie (D:6)
  5 rats
  A spectral orc (D:7)
858 creatures vanquished.

Vanquished Creatures (collateral kills)
  A death knight (D:11)
  3 naga sharpshooters (Snake:1)
  A phantasmal warrior (D:11)
  A freezing wraith (D:11)
6 creatures vanquished.

Vanquished Creatures (others)
  A naga (Snake:3)
  An orc priest (Orc:2)
  An orc wizard (Orc:2)
  3 orcs
  2 bushes
  19 fungi
  62 plants
  2 withered plants (D:11)
91 creatures vanquished.

Grand Total: 955 creatures vanquished

Notes
Turn   | Place    | Note
-------+----------+-------------------------------------------
     0 | D:1      | KristoblXynda the Spriggan Berserker began the quest for
                  | the Orb.
     0 | D:1      | Reached XP level 1. HP: 11/11 MP: 2/2
   202 | D:1      | Reached XP level 2. HP: 10/16 MP: 3/3
   474 | D:1      | Reached skill level 5 in Dodging
   554 | D:1      | Reached skill level 1 in Stealth
   568 | D:1      | Reached XP level 3. HP: 19/19 MP: 4/4
   681 | D:1      | Reached ** piety under Trog
  1339 | D:2      | Reached XP level 4. HP: 23/23 MP: 5/5
  1479 | D:2      | Found an ornate altar of the Wu Jian Council.
  1527 | D:2      | Noticed Jessica
  1528 | D:2      | Found a hide-covered altar of Uskayaw.
  1528 | D:2      | Noticed a +0 hand axe
  1529 | D:2      | Noticed a +0 dagger
  1530 | D:2      | Killed Jessica
  2022 | D:3      | Reached *** piety under Trog
  2023 | D:3      | Reached XP level 5. HP: 15/28 MP: 6/6
  2204 | D:3      | Found a shimmering blue altar of Sif Muna.
  2346 | D:3      | Found a sacrificial altar of Ru.
  2921 | D:4      | Found a staircase to the Ecumenical Temple.
  2943 | Temple   | Entered the Ecumenical Temple
  3182 | D:4      | Reached skill level 6 in Dodging
  3633 | D:4      | Reached XP level 6. HP: 16/32 MP: 7/7
  4170 | D:5      | Entered Level 5 of the Dungeon
  4197 | D:5      | Reached skill level 5 in Short Blades
  4533 | D:5      | Noticed a sky beast
  4554 | D:5      | Killed a sky beast
  4555 | D:5      | Reached skill level 5 in Stealth
  4561 | D:5      | Reached skill level 7 in Dodging
  4561 | D:5      | Reached XP level 7. HP: 37/37 MP: 8/8
  4685 | D:5      | Noticed Ijyb
  4692 | D:5      | Killed Ijyb
  5036 | D:5      | Found a burning altar of Makhleb.
  5491 | D:6      | Found a burning altar of Makhleb.
  5797 | D:6      | Reached skill level 8 in Dodging
  5797 | D:6      | Reached XP level 8. HP: 41/42 MP: 9/9
  6127 | D:7      | Found an ancient bone altar of Kikubaaqudgha.
  6195 | D:7      | Found a broken altar of Ashenzari.
  6271 | D:7      | Found an ornate altar of the Wu Jian Council.
  6344 | D:7      | Found a snail-covered altar of Cheibriados.
  6535 | D:7      | Reached **** piety under Trog
  6657 | D:7      | Found a basalt altar of Yredelemnul.
  6812 | D:8      | Reached skill level 5 in Fighting
  6915 | D:8      | Noticed a two-headed ogre
  7213 | D:8      | Reached skill level 9 in Dodging
  7488 | D:8      | Found a staircase to the Lair.
  7489 | D:8      | Noticed a komodo dragon
  7524 | D:8      | Killed a komodo dragon
  7525 | D:8      | Reached XP level 9. HP: 22/47 MP: 10/10
  8016 | D:8      | Killed a two-headed ogre
  8017 | D:8      | Reached skill level 10 in Dodging
  8017 | D:8      | Reached skill level 10 in Stealth
  8277 | D:8      | Got a twisted dagger
  8278 | D:8      | Identified the +5 dagger "Giantslayer" {vorpal, rC+ Int+2}
                  | (You found it on level 8 of the Dungeon)
  8293 | D:9      | Found a runed translucent door.
  8293 | D:9      | Noticed a sixfirhy
  8502 | D:9      | Reached ***** piety under Trog
  8503 | D:9      | Reached skill level 11 in Dodging
  8545 | D:9      | Found Ogroh's Weapon Shoppe.
  8545 | D:9      | Found a staircase to the Orcish Mines.
  8545 | D:9      | Found Kuduyce's Armour Shoppe.
  8639 | D:9      | Bought the +1 buckler "Qyacy" {rElec Str+3 Dex+2} for 442
                  | gold pieces
  8695 | D:9      | Reached XP level 10. HP: 53/53 MP: 11/11
  8699 | D:9      | Reached skill level 1 in Evocations
  9048 | D:9      | Identified the Almanac of the Mutagenic Mountains
  9167 | D:9      | Found an iron altar of Okawaru.
  9170 | D:9      | Found a stormy altar of Qazlal.
  9172 | D:9      | Found a glowing golden altar of the Shining One.
  9253 | D:9      | Killed a sixfirhy
  9254 | D:9      | Reached skill level 1 in Shields
  9815 | D:10     | Entered Level 10 of the Dungeon
  9902 | D:10     | Noticed a four-headed hydra
  9926 | D:10     | Killed a four-headed hydra
 10298 | D:10     | Reached skill level 12 in Dodging
 10731 | D:10     | Reached skill level 5 in Evocations
 10835 | D:10     | Reached XP level 11. HP: 53/58 MP: 12/12
 10975 | D:11     | Noticed a red ugly thing
 10983 | D:11     | Killed a red ugly thing
 11019 | D:11     | Noticed a phantasmal warrior
 11019 | D:11     | Noticed a skeletal warrior
 11020 | D:11     | Noticed a death knight
 11020 | D:11     | Noticed a phantasmal warrior
 11103 | D:11     | Received a gift from Trog
 11356 | D:11     | Noticed a two-headed ogre
 11372 | D:11     | Killed a two-headed ogre
 11373 | D:11     | Reached skill level 10 in Short Blades
 11926 | D:11     | Found a transporter.
 11940 | D:11     | Found a transporter.
 11954 | D:11     | Found a runed translucent door.
 11957 | D:11     | Noticed fasse2k's ghost (journeyman TrFi)
 12039 | D:11     | Killed a phantasmal warrior
 12045 | D:11     | Killed a skeletal warrior
 12295 | D:11     | Killed a death knight
 12296 | D:11     | Reached skill level 13 in Dodging
 12307 | D:11     | Killed a phantasmal warrior
 12855 | D:11     | Found a portal to a secret trove of treasure.
 13113 | D:11     | Got a shimmering cloak
 13117 | D:11     | Got a slimy amber ring
 13142 | D:11     | Identified the +0 cloak of Midwinter {+Inv rPois MP+9} (You
                  | found it on level 11 of the Dungeon)
 13151 | D:11     | Identified the ring "Exuxiren" {rPois rF+ rC+ MR+ Str+3}
                  | (You found it on level 11 of the Dungeon)
 13245 | D:11     | Killed fasse2k's ghost
 13432 | D:12     | Reached XP level 12. HP: 59/65 MP: 13/13
 13471 | D:12     | You fall into a shaft and drop 3 floors!
 13471 | D:15     | Entered Level 15 of the Dungeon
 13482 | D:15     | Found an iron altar of Okawaru.
 13629 | D:15     | HP: 1/65 [white ugly thing (10)]
 13916 | D:15     | Noticed a four-headed hydra
 13920 | D:15     | Killed a four-headed hydra
 13921 | D:15     | Reached skill level 14 in Dodging
 13944 | D:15     | Reached skill level 5 in Shields
 14509 | D:15     | Noticed a two-headed ogre
 14510 | D:15     | Noticed a tengu warrior
 14514 | D:15     | Killed a two-headed ogre
 15273 | D:15     | Found a staircase to the Depths.
 15273 | D:15     | Noticed a yaktaur captain
 15276 | D:15     | Killed a yaktaur captain
 15277 | D:15     | Reached XP level 13. HP: 70/70 MP: 14/14
 15282 | D:15     | Reached skill level 10 in Evocations
 15542 | D:14     | Reached skill level 15 in Dodging
 16982 | D:13     | Received a gift from Trog
 17517 | D:13     | Reached skill level 10 in Fighting
 17657 | D:13     | Identified the Grimoire of Translocation
 17663 | D:13     | Identified the Collected Works on the Compass and
                  | Confrontation
 17666 | D:13     | Got a warped tin ring
 17683 | D:13     | Identified the ring of Temptation {+Blink rElec Str-2 SInv
                  | Stlth+} (You found it on level 13 of the Dungeon)
 17889 | D:13     | Found a sacrificial altar of Ru.
 17903 | D:13     | Found an ancient bone altar of Kikubaaqudgha.
 17904 | D:13     | Found a hazy altar of Hepliaklqana.
 17904 | D:13     | Found an ancient bone altar of Kikubaaqudgha.
 18007 | D:13     | Reached skill level 16 in Dodging
 18021 | D:13     | Reached skill level 1 in Armour
 18087 | D:13     | HP: 3/72 [deep elf mage/shard of ice (27)]
 18678 | D:13     | Found Xitzing's Gadget Boutique.
 18683 | D:13     | Bought a wand of iceblast (5) for 153 gold pieces
 18711 | D:13     | Reached XP level 14. HP: 77/77 MP: 15/15
 18712 | D:13     | Noticed Kirke
 18733 | D:13     | Killed Kirke
 18742 | D:13     | Received a gift from Trog
 19438 | D:13     | Found a gate to the Vaults.
 19740 | D:12     | Found Vufapp's Gadget Emporium.
 20593 | Lair:1   | Entered Level 1 of the Lair of Beasts
 21652 | Lair:1   | Reached skill level 17 in Dodging
 22055 | Lair:2   | Received a gift from Trog
 22489 | Lair:2   | Got an ancient steel ring
 22514 | Lair:2   | Identified the ring of Arrival {*Tele Str+4} (You found it
                  | on level 2 of the Lair of Beasts)
 23672 | Lair:3   | Found a staircase to the Snake Pit.
 24229 | Lair:3   | Found a staircase to the Swamp.
 24241 | Lair:3   | Received a gift from Trog
 25162 | Lair:4   | Reached XP level 15. HP: 80/80 MP: 16/16
 25645 | Lair:4   | Noticed Sonja
 25761 | Lair:4   | Reached skill level 5 in Armour
 25811 | Lair:4   | Killed Sonja
 26050 | Lair:4   | Found the +8 whip "Snakebite" {curare, rPois}
 26182 | Lair:4   | Reached skill level 18 in Dodging
 26981 | Lair:5   | Found a broken altar of Ashenzari.
 28144 | Lair:6   | Entered Level 6 of the Lair of Beasts
 28364 | Lair:5   | Reached skill level 15 in Stealth
 28439 | Lair:6   | Received a gift from Trog
 28630 | Lair:6   | Found a staircase to the Slime Pits.
 29020 | Lair:6   | Found a large runed translucent door.
 29611 | Lair:6   | Found a large runed translucent door.
 29628 | Lair:6   | Reached ****** piety under Trog
 30232 | Orc:1    | Entered Level 1 of the Orcish Mines
 30673 | Orc:1    | Received a gift from Trog
 30914 | Orc:2    | Entered Level 2 of the Orcish Mines
 31219 | Orc:2    | Reached skill level 19 in Dodging
 31482 | Orc:2    | Found a radiant altar of Vehumet.
 31490 | Orc:2    | Found a roughly hewn altar of Beogh.
 31494 | Orc:2    | Found a staircase to the Elven Halls.
 31568 | Orc:2    | Reached XP level 16. HP: 59/86 MP: 17/17
 32043 | Orc:2    | Received a gift from Trog
 32709 | Orc:2    | Found Kiackal's Jewellery Shop.
 32709 | Orc:2    | Found Plog's Antique Weapon Emporium.
 32711 | Orc:2    | Found Jouzer's Jewellery Shop.
 32711 | Orc:2    | Found Pusogil's Armour Emporium.
 32808 | Orc:2    | Bought an uncursed amulet of reflection for 360 gold pieces
 32819 | Orc:2    | Bought a cursed ring of teleportation for 54 gold pieces
 32858 | Orc:2    | Noticed Nessos
 32865 | Orc:2    | Killed Nessos
 33168 | Depths:1 | Entered Level 1 of the Depths
 33169 | Depths:1 | Noticed a lich
 33206 | Depths:1 | Killed a lich
 33209 | Depths:1 | Found a gateway to a ziggurat.
 33543 | Snake:1  | Entered Level 1 of the Snake Pit
 33552 | Snake:1  | Identified a scroll of acquirement
 33553 | Snake:1  | Acquired the +1 hat of Follow the Leader {*Contam rElec rC+
                  | Slay+5}
 35541 | Snake:2  | Found Ynaimiap's Armour Emporium.
 36012 | Snake:2  | Found Leogre's Book Boutique.
 36820 | Snake:3  | Reached skill level 20 in Dodging
 37628 | Snake:3  | Received a gift from Trog
 38227 | Snake:4  | Entered Level 4 of the Snake Pit
 38227 | Snake:4  | Noticed Aizul
 38232 | Snake:4  | Killed Aizul
 38255 | Snake:4  | Reached XP level 17. HP: 86/91 MP: 18/18
 38375 | Snake:4  | Killed from afar by a nagaraja

Illustrated notes

Levels and vault maps discovered:
D:1:      nicolae_arrival_washed_ashore, layout_rooms, serial_bayou_pond_d
D:2:      layout_loops_corners, dancing_weapons_uskayaw, general_overflow_altar,
          uniq_jessica
D:3:      layout_basic, nicolae_ru_awakened_eye, lemuel_crystal_altar
D:4:      layout_loops_ring, minmay_temple_entry_offerings, kennysheep_potato
D:5:      layout_basic, solitary_fountain, hangedman_abyss_or_decor_stagger,
          minivault_19, bloody_makhleb, uniq_ijyb
D:6:      layout_basic, overflow_temple_1_default,
          chequers_serial_rivers_micro_e
D:7:      layout_basic, kennysheep_mini, slow_altar_2,
          cheibrodos_ashenzari_chains, yredelemnul_forgotten_temple_becter,
          lemuel_statue_altar
D:8:      layout_basic, david_lair_shrubbed
D:9:      cheibrodos_shockbox, layout_cave_pools, grunt_temple_overflow_open,
          orc_david_3, chequers_big_river
D:10:     layout_basic
D:11:     gammafunk_jiyva_shrine, layout_gridville, gammafunk_ghost_grave,
          nicolae_trove_entry_diagonal
D:12:     layout_cave_pools, serial_shops, shop, serial_park,
          serial_park_tiny_pond, serial_park_tiny_2, serial_park_gazebo
          [serial_park_minivault_5x5_8], hangedman_fish_farm
D:13:     minmay_the_grid_octo_tiled_octocenter [minmay_the_grid_octo_shrine,
          minmay_the_grid_octo_concentric, minmay_the_grid_octo_clover,
          minmay_the_grid_octo_horde,
          minmay_the_grid_octo_prize_ultimate_mussel_roller,
          minmay_the_grid_square_5x5_beaten_path,
          minmay_the_grid_square_5x5_minibox,
          minmay_the_grid_square_5x5_sharp_hourglass,
          minmay_the_grid_square_5x5_inner_z], layout_grid_maze, david_vaults_4,
          serial_shops, nicolae_shop_crystal, uniq_kirke
D:14:     layout_small_grid, chequers_serial_rivers_large_a,
          kennysheep_generic_room_12
D:15:     grunt_enter_depths_snipers, layout_loops_cross, lemuel_round_altar,
          lightli_corner_chamber
Temple:   compressed_dpeg_circular_temple
Lair:1:   layout_chaotic_city, columned_hall_lemuel, beast_lair_carwin_8
Lair:2:   beast_lair_carwin_large_1, layout_chaotic_city,
          chequers_serial_rivers_small_a, serial_bayou_shore_b,
          serial_bayou_shore_a, infiniplex_staircase_pool
Lair:3:   layout_gridlike, nicolae_swamp_entry_splash_gauntlet,
          guppyfry_snake_entry_garden, serial_forest,
          infiniplex_forest_lined_corner, infiniplex_forest_lined_room_,
          infiniplex_forest_clump_long, infiniplex_forest_clump_double,
          infiniplex_forest_clump_curved, infiniplex_forest_end_3,
          infiniplex_forest_join, infiniplex_forest_straight_3
Lair:4:   minmay_guarded_unrand_snakebite, layout_loops_ring,
          grunt_megastairs_5, uniq_sonja
Lair:5:   layout_cave_pods, basic_altar, minmay_lair_oklob_chamber,
          serial_bayou_shore_b
Lair:6:   cheibrodos_lair_end_hotspot, layout_regular_city,
          dpeg_slime_entry_corner
Snake:1:  layout_cave_shapes
Snake:2:  layout_cave_shapes, serial_shops, shop,
          nrook_guardian_serpent_ordinary, grunt_megastairs_1, minmay_shop_star,
          lemuel_fruit_tree
Snake:3:  layout_gridlike
Snake:4:  minmay_snake_end_coiled, layout_rooms, special_room, st_stairs_8,
          uniq_aizul
Orc:1:    layout_caves
Orc:2:    grunt_orc_tribal_feast, layout_diamond_mine, basic_altar,
          mines1_david, uniq_nessos
Depths:1: minmay_connected_boxes_in_corner, layout_long_grid, enter_ziggurat_a,
          minmay_holes, pf_hell_entry_great_geh, serial_bayou_lagoon_b,
          serial_bayou_shore_b, uniq_asterion

Skill      XL: |  1  2  3  4  5  6  7  8  9 10 11 12 13 14 15 16 |
---------------+-------------------------------------------------+-----
Dodging        | 5 6 7 8 9 11 12 13 14 16 17 19 20 | 20.2
Stealth        | 1 2 3 4 5 6 9 10 11 13 15 | 15.4
Short Blades   | 4 5 6 7 8 9 10 11 13 | 13.7
Fighting       | 3 4 5 6 7 8 9 10 11 | 11.4
Evocations     | 5 7 9 10 12 14 | 14.7
Shields        | 2 4 5 7 |  7.0
Armour         | 1 4 6 8 |  8.2

Action                   |  1- 3 |  4- 6 |  7- 9 | 10-12 | 13-15 | 16-18 || total
-------------------------+-------+-------+-------+-------+-------+-------++-------
Melee: Short sword       |    52 |    77 |   405 |       |       |       ||   534
       Dagger            |    90 |   146 |   110 |   693 |  2936 |   815 ||  4790
       Quick blade       |       |       |       |       |       |    92 ||    92
Invok: Berserk           |     2 |     2 |     6 |    14 |    36 |    10 ||    70
       Trog's Hand       |       |       |     1 |     3 |       |     2 ||     6
       Brothers in Arms  |       |       |       |     2 |       |     1 ||     3
 Abil: Evoke Invisibilit |       |       |       |       |     6 |     2 ||     8
       Evoke Blink       |       |       |       |       |     1 |       ||     1
Evoke: Wand              |       |       |     2 |    21 |    11 |     3 ||    37
       Condenser vane    |       |       |       |       |     1 |       ||     1
       Phial of floods   |       |       |       |       |       |     2 ||     2
       Tin of tremorston |       |       |       |       |       |     1 ||     1
  Use: Potion            |       |     4 |       |     1 |     1 |     2 ||     8
       Scroll            |       |     2 |    10 |     9 |     9 |     6 ||    36
 Stab: Sleeping          |     3 |    10 |    14 |    34 |    72 |    15 ||   148
       Distracted        |       |     1 |       |       |     6 |     3 ||    10
       Paralysed         |       |       |     1 |     5 |     7 |       ||    13
       Invisible         |       |       |       |       |    54 |    16 ||    70
Armor: Animal skin       |     9 |       |       |       |       |       ||     9
       Robe              |       |     8 |    23 |    17 |     2 |       ||    50
       Troll leather arm |       |       |       |       |    62 |    22 ||    84
Dodge: Dodged            |   114 |   149 |   268 |   278 |  1616 |   493 ||  2918
Block: Buckler           |       |       |       |   115 |   826 |   412 ||  1353
       Reflection        |       |       |       |       |       |    48 ||    48

Table legend: (Time is in decaauts)
 A = Elapsed time spent in this place.
 B = Non-inter-level travel time spent in this place.
 C = Inter-level travel time spent in this place.
 D = Time resting spent in this place.
 E = Time spent auto-exploring this place.
 F = Levels seen in this place.
 G = Mean time per level.
                   A        B        C        D        E       F      G
               +--------+--------+--------+--------+--------+-----+--------+
         Total |  28617 |  27283 |   1334 |  11899 |   8843 |  29 |  986.8 |
       Dungeon |  16679 |  15845 |    834 |   7378 |   4966 |  15 | 1111.9 |
        Temple |     49 |     49 |      0 |      0 |     43 |   1 |   49.0 |
          Lair |   6831 |   6511 |    320 |   2622 |   2197 |   6 | 1138.5 |
     Snake Pit |   3264 |   3142 |    122 |   1141 |   1156 |   4 |  816.0 |
  Orcish Mines |   1682 |   1625 |     57 |    677 |    479 |   2 |  841.0 |
        Depths |    109 |    109 |      0 |     79 |      0 |   1 |  109.0 |
               +--------+--------+--------+--------+--------+-----+--------+

Top non-repeatable levels by time:
    D:13: 2325 daAuts
    D:11: 2214 daAuts
     D:9: 1640 daAuts
    D:15: 1564 daAuts
 Snake:1: 1374 daAuts
  Lair:6: 1347 daAuts
  Lair:4: 1282 daAuts
   Orc:2: 1245 daAuts
  Lair:5: 1125 daAuts
 Snake:3: 1118 daAuts
     D:8: 1118 daAuts
  Lair:2: 1054 daAuts
  Lair:3: 1029 daAuts
    D:14: 998 daAuts
  Lair:1: 991 daAuts
